 Dungeon Crawl Stone Soup version 0.29.1-15-g9cfb28693d (webtiles) character file.

Game seed: 8523976921827249206

3344 croobank the Magician (level 10, -4/74 HPs)
             Began as a Gnoll Fire Elementalist on Apr 29, 2023.
             Was a Follower of Sif Muna.
             Hit by a large rock thrown by a cyclops (37 damage)
             ... on level 8 of the Dungeon.
             The game lasted 00:19:52 (8747 turns).

croobank the Magician (Gnoll Fire Elementalist)     Turns: 8747, Time: 00:19:52

Health: -4/74      AC: 11    Str:  7    XL:     10   Next: 2%
Magic:  20/20      EV: 14    Int: 19    God:    Sif Muna [*.....]
Gold:   396        SH:  0    Dex: 13    Spells: 11/23 levels left

rFire   + . .      SeeInvis .   a - +0 lajatang
rCold   x . .      Faith    .   (shield currently unavailable)
rNeg    + . .      Spirit   .   e - +0 leather armour
rPois   .          Reflect  .   s - +0 helmet
rElec   .          Harm     .   I - +0 cloak
rCorr   +          Rampage  .   (no gloves)
Will    .....                   E - +0 pair of boots
Stlth   +++.......              A - amulet of magic regeneration
HPRegen 0.22/turn               n - ring "Xenlanex" {rF+ rC- rN+ AC+4}
MPRegen 0.57/turn               v - ring of resist corrosion

@: no status effects
A: fangs 1, strong nose, distributed training
a: Renounce Religion, Channel Magic


You were on level 8 of the Dungeon.
You worshipped Sif Muna.
Sif Muna was aware of your devotion.
You visited 1 branch of the dungeon, and saw 8 of its levels.
You also visited: Sewer.

You collected 396 gold pieces.

Inventory:

Hand Weapons
 a - a +0 lajatang (weapon)
 b - a +0 arbalest
 c - a +0 long sword
 j - a +2 dagger of venom
 k - a +0 quarterstaff
 w - a +0 rapier
 x - a +0 short sword
 y - a +0 morningstar
 O - a +0 sling
Missiles
 D - 4 boomerangs
Armour
 e - a +0 leather armour (worn)
 q - a +0 ring mail
 s - a +0 helmet (worn)
 E - a +0 pair of boots (worn)
 I - a +0 cloak (worn)
Jewellery
 n - the ring "Xenlanex" (left hand) {rF+ rC- rN+ AC+4}
   (You took it off a goblin on level 2 of the Dungeon)

   [ring of protection]

   AC:        It affects your AC (+4).
   rF:        It protects you from fire.
   rC:        It makes you vulnerable to cold.
   rN:        It protects you from negative energy.
 v - a ring of resist corrosion (right hand)
 A - an amulet of magic regeneration (around neck)
 L - an amulet of faith
Wands
 u - a wand of paralysis (14)
 z - a wand of flame (10)
 H - a wand of roots (9)
 K - a wand of polymorph (10)
Scrolls
 f - a scroll of poison
 m - a scroll of noise
 F - a scroll of teleportation
 G - 2 scrolls of immolation
 J - a scroll of amnesia
 N - a scroll of identify
Potions
 d - 2 potions of brilliance
 g - a potion of magic
 h - 4 potions of haste
 i - 2 potions of lignification
 l - 2 potions of invisibility
 o - a potion of flight {unknown}
 p - 3 potions of heal wounds {unknown}
 r - 2 potions of attraction {unknown}
 t - a potion of berserk rage {unknown}
 B - a potion of degeneration {unknown}
 C - 2 potions of mutation {unknown}
 M - a potion of curing {unknown}


   Skills:
 + Level 5.0 Fighting
 + Level 5.0 Short Blades
 + Level 5.0 Long Blades
 + Level 5.0 Axes
 + Level 5.0 Maces & Flails
 + Level 5.0 Polearms
 + Level 5.0 Staves
 + Level 5.0 Ranged Weapons
 + Level 5.0 Throwing
 + Level 5.0 Armour
 + Level 6.8 Dodging
 + Level 6.6 Stealth
 + Level 5.0 Shields
 + Level 5.0 Unarmed Combat
 + Level 7.1 Spellcasting
 + Level 4.7 Conjurations
 + Level 4.1 Hexes
 + Level 4.1 Summonings
 + Level 4.1 Necromancy
 + Level 4.1 Translocations
 + Level 4.1 Transmutations
 + Level 6.9 Fire Magic
 + Level 4.1 Ice Magic
 + Level 4.1 Air Magic
 + Level 4.1 Earth Magic
 + Level 4.1 Poison Magic
 + Level 5.5 Invocations
 + Level 5.0 Evocations


You had 11 spell levels left.
You knew the following spells:

 Your Spells              Type           Power      Damage    Failure   Level
a - Foxfire               Conj/Fire      100%       2x1d9     1%          1
b - Scorch                Fire           66%        2d8       1%          2
c - Inner Flame           Hex/Fire       27%        N/A       4%          3
d - Poisonous Vapours     Pois/Air       44%        N/A       3%          2
e - Flame Wave            Conj/Fire      29%        2d9       13%         4

Your spell library contained the following spells:

 Spells                   Type           Power      Damage    Failure   Level
 Sting                    Tmut/Pois      88%        1d7       2%          1
 Conjure Flame            Conj/Fire      29%        6-21      3%          3
 Call Canine Familiar     Summ           22%        N/A       8%          3
 Portal Projectile        Hex/Tloc       44%        N/A       8%          3
 Leda's Liquefaction      Hex/Erth       11%        N/A       26%         4
 Olgreb's Toxic Radiance  Pois           22%        N/A       26%         4


Dungeon Overview and Level Annotations

Branches:
Dungeon (8/15)             Temple (0/1) D:6           Sewer (visited)
   Lair: D:8-11

Altars:
Qazlal
Sif Muna
Uskayaw
Xom

Shops:
D:3 [


Innate Abilities, Weirdness & Mutations

You have very sharp teeth.
Your uncanny sense of smell can sniff out nearby items.
Your experience applies equally to all skills.


Message History

The killer bee barely misses you. The killer bee stings you.
* * * LOW HITPOINT WARNING * * *
Casting: Scorch (safe; 1% risk of failure)
Confirm with . or Enter, or press ? or * to list all spells.
Flames lash the killer bee.
The killer bee is severely wounded.
The killer bee's fire resistance burns away.
The killer bee stings you but does no damage. x2
Casting: Scorch (safe; 1% risk of failure)
Confirm with . or Enter, or press ? or * to list all spells.
You don't have enough magic to cast this spell.
Magic courses through your body. The killer bee misses you. x2
Casting: Scorch (safe; 1% risk of failure)
Confirm with . or Enter, or press ? or * to list all spells.
Flames lash the killer bee.
The killer bee is burned terribly!
You kill the killer bee!
Sif Muna accepts your kill.
A wyvern comes into view.
The cyclops throws a large rock.
The large rock hits you!
* * * LOW HITPOINT WARNING * * *
There is an open door here.
Which direction?
There isn't anything that you can close there!
Which direction?
As you close the door, it creaks loudly!
You start to feel less resistant.
K - a wand of polymorph (10)
Your resistance to elements expires.
There is an open door here.
You close the door.
You start resting.
A cyclops opens the door.
Aiming: Paralyse
Press: ? - help, Shift-Dir - straight line, f - cyclops
Aim: a cyclops, quivering large rocks (chance to affect: 44%)
The cyclops resists with some effort.
The cyclops throws a large rock.
The large rock hits you!!!
Ouch! That really hurt!
You die...

#. ###### #.
####...... #.
#.......C. #. #†'##
#.###†#.C..... #
#.#...#.'####+
###.##...#.#.#..∆
#...l...##.#.#.#
#.#......l.#.#@##.#
∆ ########.#.#....#
#....#.+####+.
#.#..#........#
#.)))+########'
##<#......... #.
#.#########. #. #.#
## #<#


You could see a cyclops.

Vanquished Creatures
  A troll (D:6)
  5 yaks (D:8)
  Menkaure (D:5)
  A water moccasin (Sewer)
  A sky beast (D:6)
  3 orc warriors
  A black bear (D:7)
  2 ogres (D:5)
  2 centaurs
  Blork the orc (D:4)
  2 necrophages (D:7)
  4 bullfrogs
  A scorpion (D:6)
  6 killer bees (D:8)
  3 howler monkeys (D:7)
  A jelly (D:6)
  A hound (D:7)
  4 orc priests
  Jessica (D:2)
  Natasha (D:2)
  3 iguanas
  2 orc wizards
  3 gnolls
  3 adders
  A shadow imp (D:7)
  A white imp (D:6)
  3 ufetubi
  A worm (D:2)
  5 dart slugs
  11 orcs
  2 bats (D:1)
  11 endoplasms
  3 giant cockroaches
  7 goblins
  4 hobgoblins
  9 jackals
  2 quokkas
  11 ball pythons
  3 frilled lizards
  6 kobolds
  6 rats
139 creatures vanquished.

Vanquished Creatures (others)
  An orc wizard (D:6)
  An orc (D:6)
  182 foxfires
184 creatures vanquished.

Grand Total: 323 creatures vanquished

Notes
Turn   | Place    | Note
-------+----------+-------------------------------------------
     0 | D:1      | croobank the Gnoll Fire Elementalist began the quest for
                  | the Orb.
     0 | D:1      | Reached XP level 1. HP: 13/13 MP: 6/6
   146 | D:1      | Reached XP level 2. HP: 14/19 MP: 3/7
   546 | D:1      | Learned a level 2 spell: Scorch
   574 | D:1      | Reached skill level 5 in Spellcasting
   574 | D:1      | Reached XP level 3. HP: 25/25 MP: 7/9
   578 | D:1      | Learned a level 3 spell: Inner Flame
  1292 | D:2      | Reached skill level 1 in Invocations
  1424 | D:2      | Reached skill level 1 in Fighting
  1424 | D:2      | Reached skill level 1 in Short Blades
  1424 | D:2      | Reached skill level 1 in Long Blades
  1424 | D:2      | Reached skill level 1 in Axes
  1424 | D:2      | Reached skill level 1 in Maces & Flails
  1424 | D:2      | Reached skill level 1 in Polearms
  1424 | D:2      | Reached skill level 1 in Staves
  1424 | D:2      | Reached skill level 1 in Ranged Weapons
  1424 | D:2      | Reached skill level 1 in Throwing
  1424 | D:2      | Reached skill level 1 in Armour
  1424 | D:2      | Reached skill level 1 in Shields
  1424 | D:2      | Reached skill level 1 in Unarmed Combat
  1424 | D:2      | Reached skill level 1 in Evocations
  1545 | D:2      | Noticed Jessica
  1557 | D:2      | Killed Jessica
  1558 | D:2      | Reached skill level 1 in Hexes
  1558 | D:2      | Reached skill level 1 in Summonings
  1558 | D:2      | Reached skill level 1 in Necromancy
  1558 | D:2      | Reached skill level 1 in Translocations
  1558 | D:2      | Reached skill level 1 in Transmutations
  1558 | D:2      | Reached skill level 1 in Ice Magic
  1558 | D:2      | Reached skill level 1 in Air Magic
  1558 | D:2      | Reached skill level 1 in Earth Magic
  1558 | D:2      | Reached skill level 1 in Poison Magic
  1558 | D:2      | Reached XP level 4. HP: 28/32 MP: 0/11
  1681 | D:2      | Identified the ring "Xenlanex" {rF+ rC- rN+ AC+4}
  1682 | D:2      | Found a faded altar of an unknown god.
  1811 | D:2      | Noticed Natasha
  1815 | D:2      | Killed Natasha
  2351 | D:3      | Reached XP level 5. HP: 37/37 MP: 9/12
  2421 | D:3      | Found Usaghag's Antique Armour Shop.
  3263 | D:3      | Learned a level 2 spell: Poisonous Vapours
  3436 | D:4      | Found a shimmering altar of Xom.
  3437 | D:4      | Noticed Blork the orc
  3532 | D:4      | Killed Blork the orc
  3533 | D:4      | Reached XP level 6. HP: 25/44 MP: 4/14
  3678 | D:4      | Found a glowing drain.
  3680 | D:4      | Reached skill level 5 in Dodging
  3688 | Sewer    | Entered a sewer
  3736 | Sewer    | Noticed a water moccasin
  3742 | Sewer    | Killed a water moccasin
  3987 | D:4      | Found a shimmering altar of Xom.
  3988 | D:4      | Found a shimmering altar of Xom.
  4266 | D:4      | Found a shimmering blue altar of Sif Muna.
  4266 | D:4      | Found a hide-covered altar of Uskayaw.
  4270 | D:4      | Became a worshipper of Sif Muna the Loreminder
  4295 | D:5      | Entered Level 5 of the Dungeon
  4332 | D:5      | Reached XP level 7. HP: 51/51 MP: 15/15
  4447 | D:5      | Noticed Menkaure
  4452 | D:5      | Killed Menkaure
  4565 | D:5      | You fall into a shaft and drop 2 floors!
  4572 | D:7      | Reached skill level 5 in Stealth
  4906 | D:6      | Found a staircase to the Ecumenical Temple.
  5225 | D:5      | Reached XP level 8. HP: 58/58 MP: 7/16
  5670 | D:6      | Reached skill level 6 in Spellcasting
  5755 | D:6      | Noticed a troll
  5763 | D:6      | Killed a troll
  6088 | D:6      | Found a stormy altar of Qazlal.
  6091 | D:6      | Reached * piety under Sif Muna
  6507 | D:7      | Reached XP level 9. HP: 65/65 MP: 14/18
  6602 | D:7      | Learned a level 4 spell: Flame Wave
  7486 | D:8      | Reached skill level 5 in Invocations
  8013 | D:8      | Reached skill level 7 in Spellcasting
  8016 | D:7      | HP: 1/66 [orc warrior/+0 battleaxe (10)]
  8641 | D:8      | Reached skill level 5 in Fighting
  8641 | D:8      | Reached skill level 5 in Short Blades
  8641 | D:8      | Reached skill level 5 in Long Blades
  8641 | D:8      | Reached skill level 5 in Axes
  8641 | D:8      | Reached skill level 5 in Maces & Flails
  8641 | D:8      | Reached skill level 5 in Polearms
  8641 | D:8      | Reached skill level 5 in Staves
  8641 | D:8      | Reached skill level 5 in Ranged Weapons
  8641 | D:8      | Reached skill level 5 in Throwing
  8641 | D:8      | Reached skill level 5 in Armour
  8641 | D:8      | Reached skill level 5 in Shields
  8641 | D:8      | Reached skill level 5 in Unarmed Combat
  8641 | D:8      | Reached skill level 5 in Evocations
  8641 | D:8      | Reached XP level 10. HP: 40/74 MP: 3/20
  8646 | D:8      | Noticed a cyclops
  8747 | D:8      | Hit by a large rock thrown by a cyclops

Illustrated notes

Levels and vault maps discovered:
D:1:      dpeg_arrival_ternary, layout_basic
D:2:      layout_basic, ebering_ecumenical_altar_mist, uniq_jessica,
          uniq_natasha
D:3:      layout_basic, serial_shops, shop
D:4:      layout_rooms, xom_redecorated, gammafunk_temple_overflow_wave,
          portal_sewer_entry_d, uniq_blork_the_orc
D:5:      layout_loops_corners, uniq_menkaure
D:6:      layout_loops_ring, marbit_many_paths, lemuel_temple_firewalk_b
D:7:      layout_basic, serial_corexii_hall, corexii_hall_statues_i,
          corexii_hall_statues_i, hangedman_abyss_or_decor_lesser_grid
D:8:      layout_loops_ring, minivault_11, nicolae_titane

Skill      XL: |  1  2  3  4  5  6  7  8  9 |
---------------+----------------------------+-----
Conjurations   | 2 3 4 |  4.7
Spellcasting   | 5 6 7 |  7.1
Invocations    | 1 2 3 4 5 |  5.5
Fighting       | 1 2 3 5 |  5.0
Short Blades   | 1 2 3 5 |  5.0
Long Blades    | 1 2 3 5 |  5.0
Axes           | 1 2 3 5 |  5.0
Maces & Flails | 1 2 3 5 |  5.0
Polearms       | 1 2 3 5 |  5.0
Staves         | 1 2 3 5 |  5.0
Ranged Weapons | 1 2 3 5 |  5.0
Throwing       | 1 2 3 5 |  5.0
Armour         | 1 2 3 5 |  5.0
Shields        | 1 2 3 5 |  5.0
Unarmed Combat | 1 2 3 5 |  5.0
Evocations     | 1 2 3 5 |  5.0
Hexes          | 1 2 3 4 |  4.1
Summonings     | 1 2 3 4 |  4.1
Necromancy     | 1 2 3 4 |  4.1
Translocations | 1 2 3 4 |  4.1
Transmutations | 1 2 3 4 |  4.1
Ice Magic      | 1 2 3 4 |  4.1
Air Magic      | 1 2 3 4 |  4.1
Earth Magic    | 1 2 3 4 |  4.1
Poison Magic   | 1 2 3 4 |  4.1
Dodging        | 5 6 |  6.8
Stealth        | 5 6 |  6.6
Fire Magic     | 6 |  6.9

Action                   |  1- 3 |  4- 6 |  7- 9 | 10-12 || total
-------------------------+-------+-------+-------+-------++-------
Melee: Short sword       |    33 |    22 |       |       ||    55
       Bite              |     2 |     4 |    11 |     1 ||    18
       Punch             |     1 |       |     1 |       ||     2
       Dagger            |       |     2 |    47 |       ||    49
       Lajatang          |       |       |    20 |     1 ||    21
 Fire: Sling             |    20 |     8 |       |       ||    28
 Cast: Foxfire           |    24 |    27 |    54 |       ||   105
       Scorch            |    12 |    24 |    77 |     5 ||   118
Evoke: Wand              |       |     2 |     1 |     1 ||     4
  Use: Scroll            |       |     5 |     7 |       ||    12
       Potion            |       |       |     2 |     1 ||     3
 Stab: Sleeping          |     2 |     3 |     3 |       ||     8
       Paralysed         |       |     2 |     2 |       ||     4
Armor: Robe              |    10 |    10 |       |       ||    20
       Leather armour    |       |       |    36 |     4 ||    40
Dodge: Dodged            |    36 |    25 |    79 |    13 ||   153
